Map: Ruins of Seras

Players

LindyHop - Winner!

  • Race: Zerg Zerg

hTHaPPy

  • Race: Zerg Zerg
  • League: Gold

VOD

Have the link to the VOD?

Description

Time

  • Played on: Nov. 27, 2015, 7:24 p.m.
  • Length: 7:01
Show
View Real Time Build Order
Export as new Build Order

LindyHop Zerg - Winner!

Build Orders: Hatch First 

Get SALT Encoding   

  12  0:01  Drone  
  13  0:08  Drone  
  14  0:36  Hatchery  
  14  0:40  Drone  
  14  0:56  Spawning Pool  
  13  0:59  Drone  
  14  1:07  Overlord  
  14  1:22  Extractor  
  14  1:23  Drone  
  15  1:25  Drone x2  
  16  1:37  Drone  
  17  1:44  Queen  
  19  1:49  Queen  
  21  1:55  Drone  
  21  1:57  Zergling x2  
  21  2:00  Drone  
  24  2:12  Overlord  
  24  2:16  Drone x2  
  26  2:28  Metabolic Boost  
  26  2:31  Zergling x2  
  26  2:32  Zergling x4  
  29  2:39  Drone x2  
  31  2:51  Roach Warren, Drone  
  30  2:57  Overlord  
  31  3:04  Drone x2  
  33  3:16  Overlord  
  33  3:58  Roach x3  
  33  3:59  Roach x6  
  51  4:05  Drone  
  51  4:06  Overlord x2  
  51  4:34  Roach  
  51  4:35  Roach x3  
  57  4:55  Roach, Zergling x12  
  57  4:56  Zergling x4  
  66  5:08  Zergling x4  
  68  5:27  Overlord  
  68  5:28  Overlord  
  68  5:29  Hatchery  
  67  5:45  Queen  
  67  5:46  Zergling x12  
  69  5:58  Zergling x2  
  69  5:59  Zergling x2  
  63  6:10  Zergling x4  
  61  6:27  Zergling x8  
  61  6:32  Zergling x4  
  67  6:33  Zergling x2  
Show
View Real Time Build Order
Export as new Build Order

hTHaPPy Zerg 

Build Orders: Hatch First 

Get SALT Encoding   

  12  0:02  Drone  
  13  0:14  Drone  
  13  0:18  Overlord  
  14  0:37  Drone x2  
  16  0:56  Drone  
  16  0:57  Hatchery  
  16  0:58  Drone  
  17  1:12  Overlord  
  17  1:21  Spawning Pool  
  17  1:23  Drone  
  17  1:26  Drone  
  18  1:37  Extractor  
  18  1:38  Drone  
  18  1:54  Drone  
  18  1:57  Drone  
  20  2:08  Queen  
  20  2:10  Queen  
  20  2:12  Drone  
  25  2:17  Drone x2  
  25  2:21  Extractor  
  26  2:27  Roach Warren, Drone  
  27  2:30  Drone  
  27  2:32  Drone  
  28  2:45  Drone  
  29  2:56  Pneumatized Carapace  
  29  3:00  Drone  
  29  3:01  Drone  
  29  3:04  Overlord x2  
  31  3:06  Drone  
  32  3:26  Lair  
  32  3:32  Drone x2  
  32  3:33  Overlord x2  
  34  3:39  Queen  
  36  3:42  Drone x3  
  39  4:23  Queen  
  39  4:31  Roach  
  39  4:32  Roach x4  
  39  4:34  Roach  
  39  4:35  Roach x5  
  50  5:01  Drone x3  
  53  5:09  Drone x4  
  53  5:10  Hydralisk Den  
  56  5:14  Drone  
  57  5:26  Roach  
  59  5:32  Roach x2  
  63  5:40  Drone  
  63  5:42  Drone x2  
  66  5:53  Extractor  
  51  6:10  Zergling x8  
  43  6:15  Zergling x2  
  43  6:16  Zergling x4  
  42  6:23  Spine Crawler  
  41  6:25  Spine Crawler  
  36  6:39  Spine Crawler  
  35  6:40  Spine Crawler  
  35  6:41  Spine Crawler  
Tags
 
Add a new tag
Caveats
  • Supply blocks, unpowered buildings, or Contaminate may cause inaccurate times.
  • Supply counts are checked every 10 seconds.